 Dungeon Crawl Stone Soup version 0.28.0-47-ge53b351184 (webtiles) character file.

Game seed: 18233499388480779497

17787 NinjaNoafa the Grappler (level 12, -9/104 (119) HPs)
             Began as a Troll Fighter on May 5, 2022.
             Was an Elder of Wu Jian.
             Killed from afar by Josephine (26 damage)
             ... with a ghostly fireball
             ... on level 12 of the Dungeon.
             The game lasted 00:31:13 (10687 turns).

NinjaNoafa the Grappler (Troll Fighter)            Turns: 10687, Time: 00:31:14

HP:   -9/104 (119)  AC: 11    Str: 27    XL:     12   Next: 22%
MP:   11/11         EV: 17    Int:  4    God:    Wu Jian [****..]
Gold: 289           SH: 13    Dex: 17    Spells: 11/11 levels left

rFire   . . .      SeeInvis .     - Unarmed
rCold   + . .      Faith    .   b - +2 kite shield
rNeg    . . .      Spirit   .   o - +2 robe {Will+}
rPois   .          Reflect  .   (helmet restricted)
rElec   .          Harm     .   d - +2 cloak
rCorr   .          Rampage  .   (gloves unavailable)
Will    +....                   (boots unavailable)
Stlth   ++........              (no amulet)
HPRegen 1.07/turn               w - +6 ring of dexterity
MPRegen 0.12/turn               t - +4 ring of evasion

@: mighty, slowed, heavily drained, very slow
A: large, unfitting armour, claws 3, regeneration 1, shaggy fur 1, tough skin 1,
iridescent scales 1, clumsy 1, cold resistance 1, mutation resistance 1
a: Renounce Religion, Wall Jump, Serpent's Lash


You were on level 12 of the Dungeon.
You worshipped Wu Jian.
Wu Jian was greatly pleased with you.
You visited 2 branches of the dungeon, and saw 13 of its levels.

You collected 806 gold pieces.
You spent 517 gold pieces at shops.

Inventory:

Missiles
 e - 4 javelins
 g - 316 stones
 q - 14 boomerangs
 v - 10 poisoned darts (quivered)
Armour
 b - a +2 kite shield (worn)
 d - a +2 cloak (worn)
 o - a +2 robe of willpower (worn)
Jewellery
 s - a ring of resist corrosion
 t - a +4 ring of evasion (right claw)
 w - a +6 ring of dexterity (left claw)
 y - a +6 ring of dexterity
Wands
 a - a wand of polymorph (17)
 j - a wand of iceblast (6)
 z - a wand of paralysis (2)
Scrolls
 c - a scroll of fear
 i - 6 scrolls of identify
 l - a scroll of torment
 m - 2 scrolls of noise
 r - 2 scrolls of magic mapping
Potions
 f - 2 potions of resistance
 h - a potion of flight
 k - a potion of invisibility
 n - a potion of curing
 p - 2 potions of might
 u - 2 potions of ambrosia


   Skills:
 - Level 7.8 Fighting
 - Level 7.8 Dodging
 - Level 8.6 Shields
 - Level 10.6 Unarmed Combat
 + Level 5.9 Evocations


You had 11 spell levels left.
You didn't know any spells.
Your spell library contained the following spells:

 Spells                   Type           Power      Damage    Failure   Level
 Apportation              Tloc           0%         N/A       73%         1
 Sandblast                Erth           0%         2d4       73%         1
 Sting                    Tmut/Pois      0%         1d3       73%         1
 Passwall                 Tmut/Erth      0%         N/A       86%         2
 Poisonous Vapours        Pois/Air       0%         N/A       86%         2
 Static Discharge         Conj/Air       0%         N/A       86%         2
 Dazzling Flash           Conj/Hex       0%         N/A       97%         3
 Stone Arrow              Conj/Erth      0%         3d7       97%         3
 Dispel Undead            Necr           0%         3d6       100%        4
 Olgreb's Toxic Radiance  Pois           0%         N/A       100%        4
 Passage of Golubria      Tloc           0%         N/A       100%        4
 Sticky Flame             Conj/Fire      0%         2d3       100%        4
 Agony                    Necr           0%         N/A       100%        5
 Alistair's Intoxication  Tmut/Pois      0%         N/A       100%        5
 Silence                  Hex/Air        0%         N/A       100%        5
 Disjunction              Tloc           0%         N/A       100%        8


Dungeon Overview and Level Annotations

Branches:
Dungeon (12/15)            Temple (1/1) D:5
   Lair: D:8-11         Orc: D:9-12

Altars:
Ashenzari
Cheibriados
Dithmenos
Elyvilon
Fedhas
Gozag
Hepliaklqana
Kikubaaqudgha
Makhleb
Nemelex Xobeh
Okawaru
Qazlal
Ru
Sif Muna
Trog
Uskayaw
Vehumet
Wu Jian
Xom
Yredelemnul
Zin
The Shining One

Shops:
D:3 ?[*   D:7 *   D:8 *   D:10 !

Annotations:
D:12 Josephine


Innate Abilities, Weirdness & Mutations

You are too large for most types of armour.
You have claws for hands.
Your natural rate of healing is unusually fast.
You are covered in fur. (AC +1)
You have tough skin. (AC +1)
You are partially covered in iridescent scales. (AC +2)
You are clumsy. (Dex -2)
Your flesh is cold resistant. (rC+)
You are somewhat resistant to further mutation.


Message History

Josephine is severely wounded.
Josephine screams, "Die!"
Josephine draws life force from you!
Josephine is healed by the life force!
You block the wraith's attack. The wraith hits you but does no damage.
Josephine says, "How about some decapitation?"
Josephine hits you with a +0 dagger of venom.
You are poisoned.
You scratch Josephine but do no damage.
Josephine is severely wounded.
You feel very sick. The wraith hits you!
* * * LOW HITPOINT WARNING * * *
The wraith closely misses you. Josephine casts a spell at you.
The ghostly flame explodes!
The ghostly fireball engulfs you!!
You feel drained.
* * * LOW HITPOINT WARNING * * *
The ghostly fireball engulfs Josephine.
Josephine completely resists.
The ghostly fireball engulfs the wraith.
The wraith completely resists.
The ghostly fireball engulfs the wraith.
The wraith completely resists.
You block the wraith's attack. The wraith hits you but does no damage.
You feel better.
A wraith comes into view.
You block Josephine's attack. You block the wraith's attack. x2
Josephine barely misses you.
Okay, then.
Okay, then.
As you read the scroll of fear, it crumbles to dust.
You assume a fearsome visage.
Josephine resists with some effort.
The wraith is unaffected. x4; The wraith barely misses you.
The wraith closely misses you. You block Josephine's attack.
The wraith closely misses you. The wraith hits you but does no damage.
You spin and attack the wraith.
You scratch the wraith.
The wraith is heavily damaged.
Josephine points at you and mumbles some strange words.
The ghostly flame explodes!
The ghostly fireball engulfs you!!
You feel drained.
You die...

.......####################......
#####.. #(.#### . #..# #..# #..#
#..# ##################..#### ###
.......W.W.............. ...
.......@@W..W........... ...
..#########............. ...
#..(.......... ... #.............
... #...W......... ...
#............. ... #.............
... #............. ###
##############


You could see Josephine (strong) and 4 wraiths.

Vanquished Creatures
  Nessos (D:12)
  4 two-headed ogres
  5 skeletal warriors (D:12)
  A shining eye (D:8)
  An ugly thing (D:12)
  A cyclops (D:12)
  A moth of wrath (D:10)
  A gargoyle (D:7)
  5 kobold demonologists
  A tengu conjurer (D:10)
  2 trolls
  2 slime creatures (D:10)
  A meliai zombie (D:10)
  A shadow (D:12)
  A wyvern (D:7)
  A wraith (D:10)
  15 yaks (D:9)
  Grum (D:10)
  3 steam dragons (D:8)
  An acid dragon (D:9)
  5 orc warriors
  2 sky beasts
  2 necrophages
  A black bear (D:6)
  An ice beast (D:7)
  2 hornet zombies
  3 ogres
  4 wolves (D:10)
  9 centaurs
  3 kobold brigands
  2 bullfrogs (D:8)
  4 scorpions
  A water moccasin zombie (D:7)
  A water moccasin skeleton (D:4)
  A wight (D:8)
  3 killer bees (D:7)
  3 howler monkeys
  4 centaur zombies
  A bullfrog skeleton (D:7)
  A centaur skeleton (D:5)
  3 gnoll shamans
  An orc priest (D:8)
  3 hounds
  A jelly (D:4)
  2 iguanas (D:5)
  4 orc wizards
  A mummy (D:8)
  A howler monkey zombie (D:8)
  A howler monkey skeleton (D:5)
  5 adders
  19 gnolls
  A river rat (D:4)
  A white imp (D:6)
  2 adder skeletons
  2 worms (D:5)
  2 dart slugs
  21 orcs
  4 ball pythons
  3 endoplasms
  4 giant cockroaches
  3 goblins
  6 hobgoblins
  8 jackals (D:2)
  18 kobolds
  5 quokkas
  3 bats
  5 frilled lizards
  3 rats
  2 bushes (D:1)
236 creatures vanquished.

Vanquished Creatures (others)
  A howler monkey (D:12)
  2 kobolds (D:7)
  6 plants (D:1)
  A withered plant (D:8)
10 creatures vanquished.

Grand Total: 246 creatures vanquished

Notes
Turn   | Place    | Note
-------+----------+-------------------------------------------
     0 | D:1      | NinjaNoafa the Troll Fighter began the quest for the Orb.
     0 | D:1      | Reached XP level 1. HP: 22/22 MP: 0/0
   143 | D:1      | Reached XP level 2. HP: 29/29 MP: 1/1
   223 | D:1      | Found a faded altar of an unknown god.
   449 | D:1      | Found an ornate altar of the Wu Jian Council.
   476 | D:1      | Gained mutation: You are frail. (-10% HP) [potion of
                  | mutation]
   476 | D:1      | Gained mutation: Your spells are a little harder to cast,
                  | but a little more powerful. [potion of mutation]
   476 | D:1      | Lost mutation: You are frail. (-10% HP) [potion of
                  | mutation]
   588 | D:2      | Reached XP level 3. HP: 36/36 MP: 2/2
   780 | D:2      | Lost mutation: Your spells are a little harder to cast, but
                  | a little more powerful. [potion of mutation]
   780 | D:2      | Gained mutation: Your mind is acute. (Int +2) [potion of
                  | mutation]
   780 | D:2      | Gained mutation: You are covered in thick fur. (AC +2)
                  | [potion of mutation]
   857 | D:1      | Became a worshipper of the Wu Jian Council
  1072 | D:2      | Found a blossoming altar of Fedhas.
  1318 | D:2      | Reached skill level 3 in Unarmed Combat
  1627 | D:3      | Found Sepn's Antique Armour Emporium.
  1752 | D:3      | Found Tumyss's Magic Scroll Boutique.
  1858 | D:3      | Found Mumehaqa's Assorted Antiques.
  1893 | D:3      | Reached XP level 4. HP: 44/44 MP: 3/3
  2074 | D:3      | You fall into a shaft and drop 3 floors!
  2118 | D:6      | Noticed a scorpion
  2133 | D:6      | Killed a scorpion
  2136 | D:6      | Reached XP level 5. HP: 42/53 MP: 4/4
  2139 | D:6      | Reached * piety under Wu Jian
  2141 | D:6      | Noticed a black bear
  2149 | D:6      | Killed a black bear
  2150 | D:6      | Reached skill level 4 in Unarmed Combat
  2150 | D:6      | Reached XP level 6. HP: 54/61 MP: 5/5
  2269 | D:6      | Noticed a sky beast
  2285 | D:6      | Killed a sky beast
  2288 | D:6      | Found an opulent altar of Gozag.
  2521 | D:6      | Identified the +4 hand axe "Midiugy" {venom, *Corrode rPois
                  | rC+}
  2523 | D:6      | Got the Grimoire of Spatial Moulding
  2932 | D:6      | Reached skill level 5 in Unarmed Combat
  3050 | D:6      | Reached XP level 7. HP: 57/68 MP: 6/6
  3162 | D:5      | Entered Level 5 of the Dungeon
  3509 | D:3      | Bought a scroll of enchant armour for 90 gold pieces
  3536 | D:3      | Bought a runed robe for 103 gold pieces
  3728 | D:4      | Found a sparkling altar of Nemelex Xobeh.
  3730 | D:4      | Found an ornate altar of the Wu Jian Council.
  3733 | D:4      | Found a shimmering blue altar of Sif Muna.
  3747 | D:4      | Found a broken altar of Ashenzari.
  3753 | D:4      | Found a radiant altar of Vehumet.
  3758 | D:4      | Found a basalt altar of Yredelemnul.
  3767 | D:4      | Found a hazy altar of Hepliaklqana.
  4231 | D:5      | Reached skill level 6 in Unarmed Combat
  4240 | D:5      | Reached ** piety under Wu Jian
  4241 | D:5      | Reached XP level 8. HP: 59/78 MP: 7/7
  4402 | D:5      | Found a staircase to the Ecumenical Temple.
  4419 | Temple   | Entered the Ecumenical Temple
  4928 | D:5      | Reached skill level 7 in Unarmed Combat
  5212 | D:7      | Paralysed by a centaur for 5 turns
  5213 | D:7      | Reached skill level 5 in Shields
  5372 | D:7      | Noticed a gargoyle
  5372 | D:7      | Found Hoacue's General Store.
  5446 | D:8      | Noticed a troll
  5452 | D:8      | Found Fumin's Assorted Antiques.
  5462 | D:8      | Bought a bone wand for 132 gold pieces
  5470 | D:8      | Noticed a two-headed ogre
  5485 | D:8      | Noticed an eight-headed hydra
  5554 | D:7      | Reached skill level 5 in Fighting
  5554 | D:7      | Reached skill level 5 in Dodging
  5554 | D:7      | Reached XP level 9. HP: 71/88 MP: 8/8
  5577 | D:7      | Reached skill level 1 in Evocations
  5812 | D:7      | Killed a gargoyle
  6039 | D:3      | Bought a scroll of identify for 24 gold pieces
  6039 | D:3      | Bought a scroll of identify for 24 gold pieces
  6335 | D:8      | Reached *** piety under Wu Jian
  6355 | D:8      | Killed a two-headed ogre
  6356 | D:8      | Reached skill level 5 in Evocations
  6356 | D:8      | Reached skill level 8 in Unarmed Combat
  6436 | D:8      | Reached XP level 10. HP: 40/96 MP: 9/9
  6456 | D:8      | Noticed a shining eye
  6456 | D:8      | an eight-headed hydra changed into a shining eye
  6458 | D:8      | Gained mutation: You are weak. (Str -2) [a shining eye]
  6460 | D:8      | Gained mutation: You are clumsy. (Dex -2) [a shining eye]
  6461 | D:8      | Gained mutation: You are partially covered in iridescent
                  | scales. (AC +2) [a shining eye]
  6465 | D:8      | Gained mutation: Your spells are a little easier to cast,
                  | but a little less powerful. [a shining eye]
  6467 | D:8      | Lost mutation: Your mind is acute. (Int +2) [a shining eye]
  6468 | D:8      | Killed a shining eye
  7306 | D:8      | Found an iron altar of Okawaru.
  7307 | D:8      | Found a bloodstained altar of Trog.
  7461 | D:8      | Lost mutation: You are covered in thick fur. (AC +2)
                  | [potion of mutation]
  7461 | D:8      | Lost mutation: You are weak. (Str -2) [potion of mutation]
  7461 | D:8      | Lost mutation: Your spells are a little easier to cast, but
                  | a little less powerful. [potion of mutation]
  7461 | D:8      | Gained mutation: Your flesh is cold resistant. (rC+)
                  | [potion of mutation]
  7461 | D:8      | Gained mutation: You are somewhat resistant to further
                  | mutation. [potion of mutation]
  7490 | D:9      | Reached skill level 9 in Unarmed Combat
  7722 | D:9      | Noticed a two-headed ogre
  7735 | D:9      | Reached **** piety under Wu Jian
  7753 | D:9      | Killed a two-headed ogre
  7759 | D:9      | Reached XP level 11. HP: 83/107 MP: 10/10
  8048 | D:9      | Identified the +7 falchion of Mutilation {antimagic, Str+4
                  | Stlth+}
  8437 | D:10     | Entered Level 10 of the Dungeon
  8464 | D:10     | Noticed Grum
  8479 | D:10     | Killed Grum
  9230 | D:10     | Found Itoiggur's Distillery.
  9236 | D:10     | Bought a potion of berserk rage for 80 gold pieces
  9236 | D:10     | Bought a potion of might for 64 gold pieces
  9667 | D:11     | Reached skill level 10 in Unarmed Combat
  9676 | D:11     | Noticed a two-headed ogre
  9686 | D:11     | Killed a two-headed ogre
  9739 | D:11     | Noticed a two-headed ogre
  9747 | D:11     | Killed a two-headed ogre
 10066 | D:12     | Noticed a skeletal warrior
 10067 | D:12     | Noticed a skeletal warrior
 10067 | D:12     | Noticed a skeletal warrior
 10067 | D:12     | Noticed a skeletal warrior
 10072 | D:12     | Noticed a skeletal warrior
 10078 | D:12     | Killed a skeletal warrior
 10085 | D:12     | Killed a skeletal warrior
 10095 | D:12     | HP: 5/109 [skeletal warrior/+0 mace[a skeletal warrior]
                  | (15)]
 10096 | D:12     | Killed a skeletal warrior
 10096 | D:12     | Killed a skeletal warrior
 10097 | D:12     | Reached XP level 12. HP: 7/119 MP: 11/11
 10339 | D:12     | Found an ornate altar of the Wu Jian Council.
 10382 | D:12     | Noticed Nessos
 10388 | D:12     | Killed Nessos
 10511 | D:12     | Identified the +5 spear "Jejuagaf" {drain, rF+ rC+}
 10636 | D:12     | Noticed Josephine
 10684 | D:12     | HP: 3/109 [Josephine/ghostly fireball (27)]
 10687 | D:12     | Killed from afar by Josephine

Illustrated notes

Levels and vault maps discovered:
D:1:      dpeg_arrival_water_altar, layout_rooms,
          dreamdust_ecumenical_altar_sealed_demon, nrook_loot_triangle,
          minmay_statues_item, serial_bayou_ford_a, lexackson_kobold_supper
D:2:      layout_basic, basic_altar, minmay_misc_feat_x, nrook_mini_vaults
D:3:      layout_loops_ring, serial_shops, nicolae_shop_crystal,
          nicolae_shop_behind_doors, nicolae_shop_advertising_works
          [nicolae_subvault_shop_adworks]
D:4:      layout_rooms, grunt_temple_overflow_octagram, portal_sewer_entry_b
D:5:      layout_rooms, temple_fountains
D:6:      layout_loops_ring, lemuel_crystal_altar, serial_co_window_serial,
          co_window_paths_a, co_window_paths_b, co_window_of_opportunity_a,
          co_window_of_opportunity_a, co_window_corner_a, co_window_cross_1,
          co_window_paths_a, co_window_paths_a, co_window_paths_b,
          co_window_cross_3, co_window_corner_b, co_window_corner_cb,
          co_window_corner_cb, co_window_corner_cb, glass_columns_c,
          glass_columns_a, glass_columns_a, glass_columns_b,
          kennysheep_another_room, grunt_ministairs_5
D:7:      layout_rooms, serial_shops, shop
D:8:      cheibrodos_steamvent, layout_layer_cave,
          grunt_temple_overflow_bloody_war, serial_undead, serial_undead_a,
          serial_undead_e, serial_undead_e, serial_undead_c, serial_shops, shop
D:9:      layout_gridville
D:10:     layout_stronghold, serial_shops, shop, uniq_grum
D:11:     layout_irregular_city, david_lair_generic, orc_0_dummy
D:12:     layout_long_grid, pdpol_wu_jian_five_deadly_venoms, uniq_josephine,
          uniq_rupert, uniq_nessos
Temple:   minmay_temple_forest_path

Skill      XL: |  1  2  3  4  5  6  7  8  9 10 11 |
---------------+----------------------------------+-----
Unarmed Combat | 3 4 5 6 7 8 9 10 | 10.6
Fighting       | 3 4 5 6 7 |  7.8
Dodging        | 3 4 5 6 7 |  7.8
Shields        | 3 4 5 6 8 |  8.6
Evocations     | 5 |  5.9

Action                   |  1- 3 |  4- 6 |  7- 9 | 10-12 || total
-------------------------+-------+-------+-------+-------++-------
Melee: Unarmed           |   196 |    56 |   279 |   369 ||   900
       Falchion          |       |       |       |     3 ||     3
Throw: Javelin           |    18 |     3 |     3 |     4 ||    28
       Stone             |       |     2 |     1 |       ||     3
       Boomerang         |       |       |     4 |       ||     4
       Dart              |       |       |     1 |     3 ||     4
Invok: Lunge             |     3 |     6 |    17 |    15 ||    41
       Whirlwind         |       |     1 |    29 |    28 ||    58
       Serpent's Lash    |       |       |       |     1 ||     1
 Abil: Wall Jump         |       |       |     7 |     2 ||     9
Evoke: Wand              |       |       |       |    15 ||    15
  Use: Potion            |     5 |     2 |     6 |    11 ||    24
       Scroll            |       |     7 |     9 |     6 ||    22
 Stab: Sleeping          |     1 |       |       |       ||     1
       Invisible         |       |       |     1 |       ||     1
Armor: Robe              |    45 |    29 |    94 |   108 ||   276
Dodge: Dodged            |    42 |    22 |   103 |   204 ||   371
Block: Kite shield       |    60 |    18 |   147 |   225 ||   450
